 Dungeon Crawl Stone Soup version 0.31-a0-303-gdc8c9485ea (webtiles) character file.

Game seed: 4655658007068908368

96014 Newt the Marksdemonspawn (level 15, -4/113 HPs)
             Began as a Demonspawn Gladiator on July 16, 2023.
             Was an Elder of Hepliaklqana.
             Slain by a shock serpent (9 damage)
             ... on level 1 of the Snake Pit.
             The game lasted 00:22:11 (17356 turns).

Newt the Marksdemonspawn (Demonspawn Gladiator)    Turns: 17356, Time: 00:22:12

Health: -4/113     AC: 18    Str: 17    XL:     15   Next: 68%
Magic:  0/15       EV: 20    Int: 10    God:    Hepliaklqana [****..]
Gold:   1265       SH:  0    Dex: 28    Spells: 14/14 levels left

rFire   . . .        n - +8 longbow "Zephyr" {speed, Dex+3 SInv}
rCold   . . .        (shield currently unavailable)
rNeg    + . .        A - +4 scale mail of Jusmupen {rN+ rCorr}
rPois   +            g - +2 hat
rElec   .            C - scarf {repulsion}
rCorr   +            U - +2 pair of gloves {hurl}
SInv    +            (boots unavailable)
Will    +....        v - amulet of the acrobat
Stlth   +            r - +6 ring of dexterity
HPRegen 0.38/turn    E - ring of poison resistance
MPRegen 0.28/turn

%: repel missiles, acrobat, guardian spirit
@: agile, lethally poisoned (-4 -> -6)
A: reduced essence, hooves 3, powered by pain 1, magic shield, magic
regeneration, sharp scales 2, horns 1, wild magic 1, evolution 1
a: Renounce Religion, Recall Ancestor, Ancestor Identity, Transference, Idealise


You were on level 1 of the Snake Pit.
You worshipped Hepliaklqana.
Hepliaklqana was greatly pleased with you.
You visited 5 branches of the dungeon, and saw 18 of its levels.
You also visited: Bailey.

You collected 1888 gold pieces.
You spent 623 gold pieces at shops.

Inventory:

Hand Weapons
 a - a +1 rapier
 n - the +8 longbow "Zephyr" (weapon) {speed, Dex+3 SInv}
   (You found it on level 3 of the Dungeon)

   Dex:       It affects your dexterity (+3).
   SInv:      It lets you see invisible.
Missiles
 d - 3 throwing nets
 e - a javelin
 k - 6 silver javelins
 l - 27 boomerangs
Armour
 b - a +0 leather armour
 c - a +1 helmet
 g - a +2 hat (worn)
 A - the +4 scale mail of Jusmupen (worn) {rN+ rCorr}
   (You found it on level 7 of the Dungeon)

   rN:        It protects you from negative energy.
   rCorr:     It protects you from acid and corrosion.
 C - a scarf of repulsion (worn)
 I - a scarf of harm
 U - a +2 pair of gloves of hurling (worn)
Jewellery
 h - a +6 ring of strength
 i - a ring of wizardry
 r - a +6 ring of dexterity (left hand)
 v - an amulet of the acrobat (around neck)
 E - a ring of poison resistance (right hand)
 F - a ring of positive energy
 L - an amulet of faith
 O - a +4 ring of protection
 T - a ring of flight
Wands
 s - a wand of iceblast (16)
 y - a wand of acid (10)
 B - a wand of digging (9)
 G - a wand of flame (27)
 J - a wand of polymorph (7)
 S - a wand of paralysis (6)
Scrolls
 f - 4 scrolls of enchant armour
 m - 2 scrolls of teleportation
 p - 3 scrolls of amnesia
 q - 4 scrolls of fear
 K - 6 scrolls of enchant weapon
 P - 3 scrolls of summoning
 R - a scroll of brand weapon
Potions
 j - 3 potions of might
 o - 6 potions of curing
 t - 2 potions of mutation
 u - 3 potions of magic
 w - 2 potions of cancellation
 x - 7 potions of haste
 z - 3 potions of attraction
 D - 3 potions of lignification
 M - 2 potions of resistance {unknown}
 N - 2 potions of enlightenment
 Q - 2 potions of invisibility {unknown}
 W - a potion of heal wounds
 X - a potion of brilliance


   Skills:
 - Level 14.0 Fighting
 - Level 2.6 Short Blades
 + Level 18.3 Ranged Weapons
 - Level 3.3 Throwing
 - Level 6.0 Armour
 - Level 7.0 Dodging
 - Level 5.0 Evocations


You had 14 spell levels left.
You didn't know any spells.
Your spell library contained the following spells:

 Spells                   Type           Power      Damage    Failure   Level
 Magic Dart               Conj           0%         1d3       82%         1
 Summon Small Mammal      Summ           0%         N/A       82%         1
 Call Imp                 Summ           0%         N/A       90%         2
 Ensorcelled Hibernation  Hex/Ice        0%         N/A       90%         2
 Lesser Beckoning         Tloc           0%         N/A       90%         2
 Passwall                 Tmut/Erth      0%         N/A       90%         2
 Static Discharge         Conj/Air       0%         2-2/arc   90%         2
 Call Canine Familiar     Summ           0%         N/A       99%         3
 Gell's Gravitas          Tloc           0%         N/A       99%         3
 Mephitic Cloud           Conj/Pois/Air  0%         N/A       99%         3
 Summon Guardian Golem    Hex/Summ       0%         N/A       99%         3
 Swiftness                Air            0%         N/A       99%         3
 Teleport Other           Tloc           0%         N/A       99%         3
 Airstrike                Air            0%         2d(0-16)  100%        4
 Animate Armour           Summ/Erth      0%         N/A       100%        4
 Summon Lightning Spire   Summ/Air       0%         N/A       100%        4
 Iskenderun's Battlesphe  Conj           0%         2d6       100%        5
 Lee's Rapid Deconstruct  Erth           0%         3d4*      100%        5
 Leda's Unmaking          Conj/Erth      0%         9d1       100%        6
 Spellforged Servitor     Conj/Summ      0%         N/A       100%        7


Dungeon Overview and Level Annotations

Branches:
Dungeon (9/15)             Temple (1/1) D:7            Lair (5/5) D:8
  Swamp (0/4) Lair:3        Snake (1/4) Lair:3        Slime (0/5) Lair:5
    Orc (2/2) D:9             Elf (0/3) Orc:2        Bailey (visited)

Altars:
Cheibriados
Dithmenos
Fedhas
Gozag
Hepliaklqana
Kikubaaqudgha
Makhleb
Nemelex Xobeh
Okawaru
Qazlal
Ru
Sif Muna
Trog
Uskayaw
Vehumet
Wu Jian
Xom
Yredelemnul

Shops:
Orc:2 [!!*[:*[(

Annotations:
D:4 2 runed translucent doors


Innate Abilities, Weirdness & Mutations

Your life essence is reduced to manifest your ancestor. (-10% HP)
You have hooves in place of feet.
You sometimes gain a little power by taking damage.
When hurt, damage is shared between your health and your magic reserves.
You regenerate magic rapidly.
You are mostly covered in razor-sharp scales. (AC +2, Slay +2)
You have a pair of small horns on your head.
Your spells are a little harder to cast, but a little more powerful.
You have hidden genetic potential.


Message History

The shock serpent shoots out a bolt of lightning at you!
The bolt of electricity hits you!!
* * * LOW HITPOINT WARNING * * *
You focus on the pain.
You feel agile all of a sudden.
The bolt of electricity is repelled.
The bolt of electricity hits the shock serpent.
The shock serpent completely resists.
The salamander misses you.
The shock serpent attacks as you move away!
The shock serpent misses you.
Unknown command.
Fire: n) +8 longbow "Zephyr" {speed, Dex+3 SInv}
Press: ? - help, Shift-Dir - straight line, f/p - shock serpent
Aim: a shock serpent (almost dead, 71% to hit)
You shoot an arrow. The arrow misses the shock serpent.
The shock serpent shoots out a bolt of lightning at you!
The bolt of electricity hits you!
* * * LOW HITPOINT WARNING * * *
The bolt of electricity hits you!
* * * LOW HITPOINT WARNING * * *
The bolt of electricity misses the shock serpent.
The naga ritualist utters an invocation to its god.
The naga ritualist begins to radiate toxic energy.
* * * LOW HITPOINT WARNING * * *
You are poisoned.
Unknown command.
Unknown command.
Unknown command.
Unknown command.
You feel much better.
You feel sick.
The salamander no longer looks unusually strong.
The shock serpent closely misses you.
The salamander hits you from afar with a +0 glaive.
* * * LOW HITPOINT WARNING * * *
You are engulfed in flames!
* * * LOW HITPOINT WARNING * * *
The shock serpent bites you!
* * * LOW HITPOINT WARNING * * *
The shock serpent shocks you!
You die...

#....###...#####.#
#...##.#...#...#.###
#..##..###.#...#...#
####.....#.#...#...#
#........(......##
##..###.#...#....#
##.#.[.###.#...###
#.......###..##.#
#@S..###..#..#..##
#..N##.##.#.##(..#
#...)N..#..).#...#
##.##†..#.#.###...
####†..#.#)..#...
.N.####...#... ###
)..###...).... #.#
...##....))####
###.###
..##..#..†.....


You could see a salamander, a naga ritualist (strong, toxic aura) and a shock
serpent.

Vanquished Creatures
  An orc warlord (Orc:2)
  Nessos (Orc:2)
  Josephine (Lair:3)
  A catoblepas (Lair:5)
  4 hydras
  An anaconda (Snake:1)
  3 death yaks
  A two-headed ogre (D:8)
  A naga warrior (Snake:1)
  An orc high priest (Orc:2)
  A shock serpent (Snake:1)
  3 skysharks
  A salamander mystic (Snake:1)
  3 bog bodies (Lair:3)
  A mana viper (Snake:1)
  4 orc knights
  An orc sorcerer (Orc:1)
  A salamander (Lair:3)
  9 elephants
  Maurice (D:8)
  7 black mambas
  A guardian serpent (Snake:1)
  A naga mage (Snake:1)
  9 cane toads
  A torpor snail (Lair:5)
  6 komodo dragons
  A rime drake (Lair:4)
  4 polar bears (Lair:5)
  2 trolls
  Grinder (D:3)
  3 hornets (Lair:5)
  Prince Ribbit (D:7)
  3 blink frogs (Lair:2)
  5 dream sheep
  4 wraiths
  11 spriggans (Lair:5)
  7 wyverns
  53 yaks
  7 basilisks
  2 steam dragons
  4 wargs
  A swamp worm (Lair:3)
  16 water moccasins
  7 nagas (Snake:1)
  40 orc warriors
  3 ice beasts
  6 black bears
  A sky beast (D:8)
  5 boggarts (Lair:5)
  3 ogres
  35 wolves
  12 centaurs
  14 bullfrogs
  A gnoll sergeant (D:8)
  5 scorpions
  4 wights (D:7)
  2 killer bees (D:9)
  An electric eel (Lair:3)
  A hound (D:7)
  2 lava snakes (Lair:3)
  5 jellies (Lair:5)
  14 orc priests
  Crazy Yiuf (D:7)
  2 gnoll boudas
  A sleepcap (D:8)
  22 orc wizards
  3 iguanas
  24 gnolls
  6 adders
  An ufetubus (D:4)
  87 orcs
  6 bats
  7 endoplasms
  2 giant cockroaches (D:4)
  6 hobgoblins
  3 jackals (D:4)
  5 kobolds
  3 quokkas
  12 ball pythons
  7 goblins
  8 rats
557 creatures vanquished.

Vanquished Creatures (collateral kills)
  A death yak (Lair:5)
  An orc knight (Bailey)
  6 elephants
  2 cane toads (Lair:4)
  A hornet (Lair:5)
  2 spriggans (Lair:5)
  7 yaks
  A basilisk (Lair:2)
  A water moccasin (Lair:3)
  6 orc warriors
  3 wolves
  A centaur (Orc:2)
  A killer bee (D:9)
  An orc wizard (Orc:1)
  A gnoll (Orc:2)
  10 orcs
45 creatures vanquished.

Vanquished Creatures (others)
  11 battlemagi
  An orc (Orc:2)
12 creatures vanquished.

Grand Total: 614 creatures vanquished

Notes
Turn   | Place    | Note
-------+----------+-------------------------------------------
     0 | D:1      | Newt the Demonspawn Gladiator began the quest for the Orb.
     0 | D:1      | Reached XP level 1. HP: 16/16 MP: 1/1
   444 | D:1      | Gained mutation: You have large cloven feet. [demonic
                  | ancestry]
   444 | D:1      | Reached XP level 2. HP: 21/23 MP: 2/2
   618 | D:1      | Found a faded altar of an unknown god.
  1147 | D:2      | Reached XP level 3. HP: 28/29 MP: 3/3
  1947 | D:1      | Reached XP level 4. HP: 22/37 MP: 4/4
  2961 | D:3      | Found the +8 longbow "Zephyr" {speed, Dex+3 SInv}
  3159 | D:3      | Identified the +1 robe "Woqeudgh" {Str+3}
  3376 | D:3      | Identified the +2 long sword "Teinuuv" {spect, Int+3}
  3555 | D:3      | Noticed Grinder
  3565 | D:3      | Paralysed by Grinder for 4 turns
  3574 | D:3      | Killed Grinder
  3575 | D:3      | Reached skill level 3 in Ranged Weapons
  3575 | D:3      | Gained mutation: You have hoof-like feet. [demonic
                  | ancestry]
  3575 | D:3      | Reached XP level 5. HP: 42/42 MP: 5/5
  3575 | D:3      | Reached XP level 6. HP: 48/48 MP: 6/6
  3582 | D:3      | Found a sacrificial altar of Ru.
  3639 | D:4      | Noticed an ice beast
  3640 | D:4      | Reached skill level 4 in Ranged Weapons
  3644 | D:4      | Killed an ice beast
  3699 | D:4      | Reached skill level 5 in Ranged Weapons
  3699 | D:4      | Gained mutation: You regenerate magic rapidly. [demonic
                  | ancestry]
  3699 | D:4      | Reached XP level 7. HP: 54/54 MP: 7/7
  3743 | D:4      | Found a shimmering altar of Xom.
  3838 | D:4      | Found a large runed translucent door.
  3838 | D:4      | Found a large runed translucent door.
  3856 | D:4      | Noticed a wyvern
  3860 | D:4      | Killed a wyvern
  3973 | D:4      | Found a large runed translucent door.
  3973 | D:4      | Found a large runed translucent door.
  3987 | D:4      | Identified the staff of Distant Shores {rPois Int+3 Poison}
  4053 | D:4      | Reached skill level 6 in Ranged Weapons
  4451 | D:4      | Noticed a steam dragon
  4454 | D:4      | Killed a steam dragon
  4610 | D:4      | Reached skill level 7 in Ranged Weapons
  4613 | D:4      | Gained mutation: You sometimes gain a little power by
                  | taking damage. [demonic ancestry]
  4613 | D:4      | Reached XP level 8. HP: 58/60 MP: 8/8
  4758 | D:5      | Entered Level 5 of the Dungeon
  4883 | D:5      | Reached skill level 8 in Ranged Weapons
  5407 | D:6      | Reached skill level 9 in Ranged Weapons
  5471 | D:6      | Found a snail-covered altar of Cheibriados.
  5557 | D:6      | Gained mutation: You have hooves in place of feet. [demonic
                  | ancestry]
  5557 | D:6      | Reached XP level 9. HP: 52/65 MP: 9/9
  5769 | D:6      | Found a radiant altar of Vehumet.
  5780 | D:6      | Reached skill level 10 in Ranged Weapons
  6208 | D:7      | Found a runed translucent door.
  6209 | D:7      | Noticed Crazy Yiuf
  6278 | D:7      | Reached skill level 5 in Fighting
  6284 | D:7      | Found a staircase to the Ecumenical Temple.
  6296 | Temple   | Entered the Ecumenical Temple
  6376 | D:7      | Found a hide-covered altar of Uskayaw.
  6380 | D:7      | Identified the +4 scale mail of Jusmupen {rN+ rCorr}
  6580 | D:7      | Identified the +7 battleaxe of Wutzow {holy, rF++ Str+3}
  6622 | D:7      | Reached skill level 1 in Armour
  6663 | D:7      | Noticed Prince Ribbit
  6670 | D:7      | Killed Prince Ribbit
  6671 | D:7      | Reached skill level 5 in Armour
  6764 | D:7      | Found an opulent altar of Gozag.
  6869 | D:7      | Found a shadowy altar of Dithmenos.
  7024 | D:7      | Killed Crazy Yiuf
  7098 | D:8      | Noticed a two-headed ogre
  7284 | D:8      | Gained mutation: You are partially covered in razor-sharp
                  | scales. (AC +1, Slay +1) [demonic ancestry]
  7284 | D:8      | Reached XP level 10. HP: 68/76 MP: 10/10
  7295 | D:8      | Reached skill level 1 in Evocations
  7327 | D:8      | Noticed Maurice
  7328 | D:8      | Killed a two-headed ogre
  7338 | D:8      | Killed Maurice
  7339 | D:8      | Reached skill level 5 in Evocations
  7414 | D:8      | Found a staircase to the Lair.
  7694 | D:8      | Found a hazy altar of Hepliaklqana.
  7742 | D:8      | Found a shimmering blue altar of Sif Muna.
  7750 | D:8      | Found a basalt altar of Yredelemnul.
  7864 | D:8      | Became a worshipper of Hepliaklqana the Forgotten
  7882 | Lair:1   | Entered Level 1 of the Lair of Beasts
  7907 | Lair:1   | Noticed a black mamba
  7915 | Lair:1   | Killed a black mamba
  8126 | Lair:1   | Reached XP level 11. HP: 70/90 MP: 11/11
  8142 | Lair:1   | Reached skill level 10 in Fighting
  8531 | Lair:1   | Reached skill level 11 in Ranged Weapons
  8758 | Lair:2   | Noticed a five-headed hydra
  8766 | Lair:1   | Killed a five-headed hydra
  8983 | Lair:2   | Reached skill level 12 in Ranged Weapons
  9007 | Lair:2   | Reached * piety under Hepliaklqana
  9427 | Lair:2   | Reached skill level 13 in Ranged Weapons
  9875 | Lair:3   | Noticed a bog body
  9876 | Lair:3   | Noticed a bog body
  9882 | Lair:3   | Killed a bog body
  9883 | Lair:3   | Reached XP level 12. HP: 63/87 MP: 12/12
 10061 | Lair:3   | Reached skill level 14 in Ranged Weapons
 10249 | Lair:3   | Noticed Josephine
 10253 | Lair:3   | Killed Josephine
 10289 | Lair:3   | Found a staircase to the Snake Pit.
 10431 | Lair:3   | Reached ** piety under Hepliaklqana
 10432 | Lair:3   | Remembered your ancestor Yamquzzuhalamma as a battlemage
 10435 | Lair:3   | Reached skill level 15 in Ranged Weapons
 10901 | Lair:3   | Found a staircase to the Swamp.
 11100 | Lair:4   | Reached skill level 5 in Dodging
 11404 | Lair:4   | Reached XP level 13. HP: 92/92 MP: 13/13
 11950 | Lair:4   | Reached *** piety under Hepliaklqana
 12034 | Lair:5   | Entered Level 5 of the Lair of Beasts
 12420 | Lair:5   | Found a staircase to the Slime Pits.
 12421 | Lair:5   | Gained mutation: You have a pair of small horns on your
                  | head. [potion of mutation]
 12421 | Lair:5   | Gained mutation: You are frail. (-10% HP) [potion of
                  | mutation]
 12422 | Lair:5   | Lost mutation: You have a pair of small horns on your head.
                  | [potion of mutation]
 12422 | Lair:5   | Lost mutation: You are frail. (-10% HP) [potion of
                  | mutation]
 12422 | Lair:5   | Gained mutation: You occasionally lose the ability to drink
                  | potions when taking damage. [potion of mutation]
 12422 | Lair:5   | Gained mutation: Your muscles are strong. (Str +4, Int/Dex
                  | -1) [potion of mutation]
 12422 | Lair:5   | Gained mutation: You have an increased reservoir of magic.
                  | (+10% MP) [potion of mutation]
 12422 | Lair:5   | Gained mutation: Your spells are a little harder to cast,
                  | but a little more powerful. [potion of mutation]
 12423 | Lair:5   | Lost mutation: You have an increased reservoir of magic.
                  | (+10% MP) [potion of mutation]
 12423 | Lair:5   | Lost mutation: Your spells are a little harder to cast, but
                  | a little more powerful. [potion of mutation]
 12423 | Lair:5   | Lost mutation: You occasionally lose the ability to drink
                  | potions when taking damage. [potion of mutation]
 12423 | Lair:5   | Gained mutation: You occasionally lose the ability to read
                  | scrolls when taking damage. [potion of mutation]
 12424 | Lair:5   | Lost mutation: Your muscles are strong. (Str +4, Int/Dex
                  | -1) [potion of mutation]
 12424 | Lair:5   | Lost mutation: You occasionally lose the ability to read
                  | scrolls when taking damage. [potion of mutation]
 12424 | Lair:5   | Gained mutation: You have hidden genetic potential. [potion
                  | of mutation]
 12424 | Lair:5   | Gained mutation: You have a pair of small horns on your
                  | head. [potion of mutation]
 12626 | Lair:5   | Identified the -1 pair of boots "Hoeweotu" {Regen+}
 13034 | Lair:4   | Gained mutation: You are mostly covered in razor-sharp
                  | scales. (AC +2, Slay +2) [demonic ancestry]
 13034 | Lair:4   | Reached XP level 14. HP: 29/108 MP: 14/14
 13643 | D:9      | Found a flagged portal.
 13684 | Bailey   | Entered a bailey
 13918 | D:9      | Reached skill level 16 in Ranged Weapons
 13952 | D:9      | Found a staircase to the Orcish Mines.
 14249 | D:9      | Reached **** piety under Hepliaklqana
 14369 | D:9      | Found a blossoming altar of Fedhas.
 14458 | Orc:1    | Entered Level 1 of the Orcish Mines
 14849 | Orc:2    | Entered Level 2 of the Orcish Mines
 14849 | Orc:2    | Found Eboipneps's Antique Armour Emporium.
 14849 | Orc:2    | Found a staircase to the Elven Halls.
 14849 | Orc:2    | Found Yrphia Kexa's Distillery.
 15107 | Orc:2    | Found Xeotruco's Weapon Shop.
 15376 | Orc:1    | Gained mutation: Your spells are a little harder to cast,
                  | but a little more powerful. [hidden potential]
 16046 | Orc:2    | Noticed Nessos
 16050 | Orc:2    | Killed Nessos
 16051 | Orc:2    | Reached skill level 17 in Ranged Weapons
 16248 | Orc:2    | Found Picoupio's Assorted Antiques.
 16256 | Orc:2    | Bought a pair of runed gloves for 157 gold pieces
 16268 | Orc:2    | Bought a scroll of identify for 48 gold pieces
 16283 | Orc:2    | Bought a potion of heal wounds for 80 gold pieces
 16283 | Orc:2    | Bought a potion of enlightenment for 80 gold pieces
 16283 | Orc:2    | Bought a potion of attraction for 48 gold pieces
 16286 | Orc:2    | Found Onguabas's Antique Armour Shop.
 16328 | Orc:2    | Noticed an orc warlord
 16339 | Orc:2    | Killed an orc warlord
 16696 | Orc:2    | Found Yhifop's Armour Shoppe.
 16696 | Orc:2    | Found Jal Sova's Assorted Antiques.
 16698 | Orc:2    | Found Hoalusu's Distillery.
 16700 | Orc:2    | Found Guffun's Book Emporium.
 16707 | Orc:2    | Bought a potion of haste for 150 gold pieces
 16707 | Orc:2    | Bought a potion of brilliance for 60 gold pieces
 16895 | Snake:1  | Entered Level 1 of the Snake Pit
 17031 | Snake:1  | Reached skill level 18 in Ranged Weapons
 17031 | Snake:1  | Gained mutation: When hurt, damage is shared between your
                  | health and your magic reserves. [demonic ancestry]
 17031 | Snake:1  | Reached XP level 15. HP: 64/113 MP: 15/15
 17228 | Snake:1  | Found a sparkling altar of Nemelex Xobeh.
 17356 | Snake:1  | HP: 5/113 [shock serpent (6)]
 17356 | Snake:1  | Slain by a shock serpent

Illustrated notes

Levels and vault maps discovered:
D:1:      dpeg_arrival_line_fractal, layout_loops_corners,
          shapermc_ecumenical_altar_acropolis, minmay_pentomino_r4
D:2:      layout_basic, nicolae_houndstooth_variations
D:3:      layout_loops_cross, lemuel_coloured_pillars_altar, uniq_grinder
D:4:      layout_basic, mainiacjoe_overflow_six_doors_small,
          minmay_hollow_rounded_squares
D:5:      layout_loops_ring, lemuel_tele_altar
D:6:      layout_loops_ring, mainiacjoe_overflow_chevrons,
          mainiacjoe_overflow_catwalk
D:7:      layout_loops_cross, eat_drink_and_be_merry_uskayaw,
          minmay_temple_entry_trees, minivault_24, hangedman_feature_mirror,
          uniq_crazy_yiuf_cottage, uniq_prince_ribbit1
D:8:      layout_cave_pools, kennysheep_mini, minitemple, david_lair_generic,
          uniq_maurice
D:9:      layout_roguey, fedhas_altar_4, david_orc_4, enter_bailey_5
Temple:   eino_wide_crystal_templ
Lair:1:   layout_misc_corridors
Lair:2:   layout_cave_pods, grunt_megastairs_4
Lair:3:   layout_gridlike, nicolae_swamp_entry_splash_gauntlet,
          nicolae_snake_entry_warm_welcome, grunt_megastairs_5, uniq_josephine
Lair:4:   layout_cave_pods, minmay_holes, chequers_serial_rivers_micro_b,
          beast_lair_carwin_7
Lair:5:   minmay_lair_end_enchanted_forest, layout_cave_shapes,
          nicolae_slime_entry_slimehenge, patterned_corridor,
          infiniplex_staircase_pool_2
Snake:1:  layout_honeycomb, basic_altar, nicolae_snake_snakewalk
Orc:1:    layout_caves, nicolae_orc_lost_temple
Orc:2:    st_orc_rangers, layout_caves, serial_shops, shop, shop, shop,
          nicolae_shop_scrapyard, shop, uniq_nessos

Skill      XL: |  1  2  3  4  5  6  7  8  9 10 11 12 13 14 |
---------------+-------------------------------------------+-----
Fighting       | 3 4 6 9 10 14 | 14.0
Throwing       | 2 3 |  3.3
Ranged Weapons | 3 5 7 9 10 13 15 18 | 18.3
Armour         | 6 |  6.0
Evocations     | 5 |  5.0
Dodging        | 7 |  7.0
Short Blades   | |  2.6

Action                     |  1- 3 |  4- 6 |  7- 9 | 10-12 | 13-15 || total
---------------------------+-------+-------+-------+-------+-------++-------
  Melee: Rapier            |   115 |    35 |       |       |       ||   150
         Kick              |    19 |     9 |       |       |       ||    28
         Punch             |       |     2 |       |       |       ||     2
   Fire: Longbow           |       |    36 |   231 |   413 |   639 ||  1319
  Throw: Throwing net      |     1 |       |       |       |       ||     1
         Boomerang         |     4 |     4 |       |       |       ||     8
         Javelin           |     1 |     1 |       |       |       ||     2
 Invoke: Recall Ancestor   |       |       |       |     1 |     1 ||     2
         Ancestor Life: Ba |       |       |       |     1 |       ||     1
  Evoke: Wand              |       |       |       |     1 |     2 ||     3
    Use: Scroll            |     6 |     2 |     2 |     6 |     7 ||    23
         Potion            |       |       |       |       |     8 ||     8
   Stab: Held in net/web   |     1 |       |       |       |       ||     1
         Sleeping          |       |     1 |       |       |       ||     1
 Armour: Leather armour    |    31 |    17 |     9 |       |       ||    57
         Scale mail        |       |       |     7 |    62 |    90 ||   159
  Dodge: Dodged            |    81 |    31 |    34 |    92 |   335 ||   573
         Repelled          |       |       |       |     1 |     6 ||     7

Table legend: (Time is in decaauts)
 A = Elapsed time spent in this place.
 B = Non-inter-level travel time spent in this place.
 C = Inter-level travel time spent in this place.
 D = Time resting spent in this place.
 E = Time spent auto-exploring this place.
 F = Levels seen in this place.
 G = Mean time per level.
                   A        B        C        D        E       F      G
               +--------+--------+--------+--------+--------+-----+--------+
         Total |  17142 |  16308 |    834 |   3427 |  10606 |  19 |  902.2 |
       Dungeon |   8520 |   8073 |    447 |   1080 |   5928 |   9 |  946.7 |
        Temple |     72 |     51 |     21 |      0 |     44 |   1 |   72.0 |
          Lair |   5698 |   5463 |    235 |   1053 |   3595 |   5 | 1139.6 |
     Snake Pit |    441 |    441 |      0 |      0 |    366 |   1 |  441.0 |
  Orcish Mines |   2251 |   2123 |    128 |   1273 |    588 |   2 | 1125.5 |
        Bailey |    157 |    157 |      0 |     21 |     85 |   1 |  157.0 |
               +--------+--------+--------+--------+--------+-----+--------+

Top non-repeatable levels by time:
     D:1: 1809 daAuts
   Orc:1: 1463 daAuts
  Lair:3: 1321 daAuts
  Lair:4: 1277 daAuts
     D:4: 1151 daAuts
  Lair:5: 1136 daAuts
     D:2: 1111 daAuts
  Lair:1: 1050 daAuts
     D:7: 1014 daAuts
  Lair:2: 912 daAuts
   Orc:2: 788 daAuts
     D:8: 773 daAuts
     D:3: 701 daAuts
     D:9: 691 daAuts
     D:6: 642 daAuts
